 Dungeon Crawl Stone Soup version 0.29.1-4-g47bece8355 (webtiles) character file.

Game seed: 5646128293551793485

1030 GigaChad the Chopper (level 8, 0/63 HPs)
             Began as a Minotaur Fighter on Dec 7, 2022.
             Was a Follower of Hepliaklqana.
             Slain by a hellwing (2 damage)
             ... on level 7 of the Dungeon on Dec 8, 2022.
             The game lasted 00:08:12 (4306 turns).

GigaChad the Chopper (Minotaur Fighter)             Turns: 4306, Time: 00:08:13

Health: 0/63       AC: 11    Str: 23    XL:     8   Next: 3%
Magic:  7/7        EV:  8    Int:  5    God:    Hepliaklqana [*.....]
Gold:   170        SH:  5    Dex: 10    Spells: 7/7 levels left

rFire   . . .      SeeInvis .   a - +0 war axe
rCold   . . .      Faith    .   c - +0 buckler
rNeg    . . .      Spirit   .   m - +0 chain mail
rPois   .          Reflect  .   (helmet restricted)
rElec   .          Harm     .   n - +0 cloak
rCorr   .          Rampage  .   (no gloves)
Will    .....                   (no boots)
Stlth   ..........              (no amulet)
HPRegen 0.20/turn               (no ring)
MPRegen 0.10/turn               (no ring)

@: no status effects
A: reduced essence, horns 2, retaliatory headbutt
a: Renounce Religion, Recall Ancestor, Ancestor Identity


You were on level 7 of the Dungeon.
You worshipped Hepliaklqana.
Hepliaklqana was aware of your devotion.
You visited 2 branches of the dungeon, and saw 7 of its levels.

You collected 170 gold pieces.

Inventory:

Hand Weapons
 a - a +0 war axe (weapon)
Missiles
 r - 3 javelins (quivered)
Armour
 b - a +0 scale mail
 c - a +0 buckler (worn)
 m - a +0 chain mail (worn)
 n - a +0 cloak (worn)
Jewellery
 p - a ring of wizardry
 x - a ring of resist corrosion
 B - a ring of protection from cold
Wands
 l - a wand of digging (8)
 C - a wand of mindburst (12)
 E - a wand of flame (14)
Scrolls
 e - 6 scrolls of teleportation {unknown}
 g - 2 scrolls of immolation {unknown}
 h - 5 scrolls of identify {unknown}
 i - 2 scrolls of noise {unknown}
 j - 2 scrolls of enchant armour {unknown}
 o - a scroll of fog {unknown}
 q - 2 scrolls of silence {unknown}
 t - a scroll of poison {unknown}
 y - a scroll of vulnerability {unknown}
 D - a scroll of enchant weapon {unknown}
Potions
 d - a potion of might
 f - a potion of berserk rage {unknown}
 k - 2 potions of lignification {unknown}
 s - a potion of flight {unknown}
 u - a potion of attraction {unknown}
 v - 4 potions of curing {unknown}
 w - a potion of heal wounds {unknown}
 z - a potion of degeneration {unknown}
 A - a potion of mutation {unknown}


   Skills:
 + Level 5.9 Fighting
 + Level 7.4 Axes
 + Level 6.3 Armour
 - Level 2.0 Dodging
 * Level 5.5 Shields


You had 7 spell levels left.
You didn't know any spells.
Your spell library contained the following spells:

 Spells                   Type           Power      Damage    Failure   Level
 Ensorcelled Hibernation  Hex/Ice        0%         N/A       100%        2
 Gell's Gravitas          Tloc           0%         N/A       100%        3
 Spider Form              Tmut/Pois      0%         N/A       100%        3
 Teleport Other           Tloc           0%         N/A       100%        3
 Anguish                  Hex/Necr       0%         N/A       100%        4
 Animate Dead             Necr           0%         N/A       100%        4
 Passage of Golubria      Tloc           0%         N/A       100%        4
 Borgnjor's Vile Clutch   Necr/Erth      0%         N/A       100%        5
 Silence                  Hex/Air        0%         N/A       100%        5
 Death Channel            Necr           0%         N/A       100%        6
 Dispersal                Tloc           0%         N/A       100%        6
 Lehudib's Crystal Spear  Conj/Erth      0%         10d2      100%        8


Dungeon Overview and Level Annotations

Branches:
Dungeon (5/15)             Temple (1/1) D:5

Altars:
Ashenzari
Dithmenos
Elyvilon
Gozag
Hepliaklqana
Kikubaaqudgha
Makhleb
Okawaru
Ru
Sif Muna
Trog
Uskayaw
Wu Jian
Yredelemnul
Zin
The Shining One


Innate Abilities, Weirdness & Mutations

Your life essence is reduced to manifest your ancestor. (-10% HP)
You have a pair of horns on your head.
You reflexively headbutt those who attack you in melee.


Message History

The centaur warrior zombie kicks you but does no damage.
The hellwing hits you but does no damage.
The hellwing hits you.
The shadow imp hits you but does no damage.
The hellwing hits you!
The hellwing hits you but does no damage.
You hit the hellwing but do no damage.
The hellwing is lightly wounded.
You closely miss the hellwing. You hit the centaur warrior zombie.
You barely miss the shadow imp. The centaur warrior zombie hits you.
The centaur warrior zombie kicks you but does no damage.
You block the centaur warrior zombie's attack.
The centaur warrior zombie kicks you.
The hellwing hits you but does no damage. x2
The hellwing hits you.
The hellwing hits you but does no damage.
The shadow imp hits you but does no damage.
You hit the hellwing but do no damage. You headbutt the hellwing.
The hellwing is lightly wounded.
You hit the shadow imp but do no damage.
You closely miss the hellwing. You slash the centaur warrior zombie!
The centaur warrior zombie hits you.
The centaur warrior zombie kicks you but does no damage.
The hellwing completely misses you. The hellwing hits you!
* * * LOW HITPOINT WARNING * * *
You block the hellwing's attack.
The hellwing hits you but does no damage.
You block the shadow imp's attack.
The centaur warrior zombie barely misses you.
The centaur warrior zombie kicks you but does no damage.
You hit the hellwing but do no damage. Your headbutt misses the hellwing.
The hellwing is lightly wounded.
You hit the hellwing but do no damage. You hit the centaur warrior zombie.
You hit the shadow imp. The centaur warrior zombie hits you.
* * * LOW HITPOINT WARNING * * *
The centaur warrior zombie kicks you but does no damage.
The hellwing hits you.
* * * LOW HITPOINT WARNING * * *
The hellwing hits you.
You die...

....P ..8... .P8...
## 8.P8.8 ### #.
.....P# #.## ##<
$..8..Z## #..## #..
....8.Z4## #...##
##.. ...88.Z4@#
##...#####...
....8.#Z5##
##...##.....
......#...##
#....)..... ..P.
#..#..####...)###..#
.8..!..##........###
##.. .....##
##....#### #.. #####
#..### #.. #..# ##.
##.## .


You could see 2 hellwings, a shadow imp, 2 centaur warrior zombies, a boggart
skeleton and a centaur warrior skeleton.

Vanquished Creatures
  Sigmund (D:4)
  Menkaure (D:4)
  2 phantoms (D:5)
  A water moccasin zombie (D:4)
  A necrophage (D:4)
  A scorpion (D:4)
  A centaur zombie (D:4)
  A gnoll bouda (D:7)
  An orc priest (D:5)
  2 hounds (D:4)
  An iguana (D:5)
  An orc wizard (D:5)
  A howler monkey zombie (D:4)
  6 gnolls
  4 adders
  An adder zombie (D:4)
  2 worms
  A dart slug (D:1)
  14 orcs
  A ball python (D:2)
  8 endoplasms
  2 giant cockroaches
  3 goblins
  9 hobgoblins
  2 jackals (D:4)
  8 kobolds
  5 quokkas
  5 bats
  2 frilled lizards
  3 rats
91 creatures vanquished.

Vanquished Creatures (collateral kills)
  A gnoll (D:7)
  2 shadow imps (D:7)
3 creatures vanquished.

Vanquished Creatures (others)
  An ancestor (D:7)
  A fungus (D:1)
  3 withered plants (D:7)
5 creatures vanquished.

Grand Total: 99 creatures vanquished

Notes
Turn   | Place    | Note
-------+----------+-------------------------------------------
     0 | D:1      | GigaChad the Minotaur Fighter began the quest for the Orb.
     0 | D:1      | Reached XP level 1. HP: 19/19 MP: 0/0
    96 | D:1      | Reached XP level 2. HP: 27/27 MP: 1/1
   295 | D:1      | Found a faded altar of an unknown god.
   839 | D:2      | Found an ornate altar of the Wu Jian Council.
   851 | D:2      | Reached XP level 3. HP: 33/33 MP: 2/2
  1166 | D:2      | Reached skill level 3 in Axes
  1412 | D:3      | Reached XP level 4. HP: 36/41 MP: 3/3
  2302 | D:3      | Found a white marble altar of Elyvilon.
  2302 | D:3      | Found a hazy altar of Hepliaklqana.
  2311 | D:3      | Found a shadowy altar of Dithmenos.
  2314 | D:3      | Became a worshipper of Hepliaklqana the Forgotten
  2319 | D:3      | Found a glowing golden altar of the Shining One.
  2321 | D:3      | Found an iron altar of Okawaru.
  2401 | D:4      | Reached skill level 1 in Dodging
  2482 | D:4      | Reached XP level 5. HP: 40/47 MP: 4/4
  2581 | D:4      | Reached skill level 4 in Axes
  2865 | D:4      | Reached skill level 5 in Fighting
  2865 | D:4      | Reached skill level 5 in Axes
  2865 | D:4      | Reached XP level 6. HP: 40/56 MP: 5/5
  3066 | D:4      | Noticed Menkaure
  3067 | D:4      | Found a basalt altar of Yredelemnul.
  3071 | D:4      | Killed Menkaure
  3072 | D:4      | Reached skill level 5 in Armour
  3196 | D:4      | Reached skill level 6 in Axes
  3196 | D:4      | Reached XP level 7. HP: 61/61 MP: 6/6
  3405 | D:4      | Noticed Sigmund
  3413 | D:4      | Killed Sigmund
  3414 | D:4      | Reached skill level 5 in Shields
  3620 | D:5      | Entered Level 5 of the Dungeon
  3658 | D:5      | Reached skill level 7 in Axes
  3863 | D:5      | Found a staircase to the Ecumenical Temple.
  3885 | D:5      | Reached * piety under Hepliaklqana
  3908 | Temple   | Entered the Ecumenical Temple
  3975 | D:5      | You fall into a shaft and drop 2 floors!
  4116 | D:7      | Reached XP level 8. HP: 34/63 MP: 7/7
  4291 | D:7      | Noticed a hellwing
  4293 | D:7      | Noticed a hellwing
  4306 | D:7      | HP: 2/63 [hellwing (5)]
  4306 | D:7      | Slain by a hellwing

Illustrated notes

Levels and vault maps discovered:
D:1:      minmay_arrival_up_and_down, layout_basic,
          dreamdust_ecumenical_altar_grove
D:2:      layout_rooms, basic_altar, st_stairs_7, hangedman_decor_riveting,
          minmay_heptomino_d4
D:3:      layout_loops_cross, chequers_temple_overflow_minitemple
D:4:      layout_loops_ring, nicolae_yredelemnul_corpse_copse, uniq_sigmund,
          uniq_menkaure
D:5:      cheibrodos_quashed, layout_gridville, temple_pool_b
D:7:      cheibrodos_grave_circle, layout_cave_pods, grunt_decor_mini_mirrors
Temple:   nicolae_temple_ecumenical_triangle

Skill      XL: |  1  2  3  4  5  6  7 |
---------------+----------------------+-----
Fighting       | 4 5 |  5.9
Shields        | 4 5 |  5.5
Armour         | 4 5 6 |  6.3
Axes           | 3 5 6 7 |  7.4
Dodging        | 1 2 |  2.0

Action                   |  1- 3 |  4- 6 |  7- 9 || total
-------------------------+-------+-------+-------++-------
Melee: War axe           |    72 |   110 |    68 ||   250
       Headbutt          |    12 |    15 |    12 ||    39
Invok: Ancestor Identity |       |       |     1 ||     1
Evoke: Wand              |     1 |       |       ||     1
Armor: Scale mail        |    33 |       |       ||    33
       Chain mail        |    18 |    76 |    66 ||   160
Dodge: Dodged            |    37 |    45 |    21 ||   103
Block: Buckler           |    16 |    31 |    16 ||    63
